 Dungeon Crawl Stone Soup version 0.28-b1-25-g9875b3fc8c (webtiles) character file.

Game seed: 1707884989915461105

39 mopl the Sneak (level 3, -4/26 HPs)
             Began as an Octopode Delver on Feb 8, 2022.
             Was an Initiate of Elyvilon.
             Slain by an iguana (6 damage)
             ... on level 5 of the Dungeon.
             The game lasted 00:02:16 (773 turns).

mopl the Sneak (Octopode Delver)                     Turns: 773, Time: 00:02:16

Health: -4/26      AC:  1    Str: 11    XL:     3   Next: 45%
Magic:  3/3        EV: 13    Int: 12    God:    Elyvilon [......]
Gold:   45         SH:  0    Dex: 15    Spells: 2/2 levels left

rFire   . . .      SeeInvis .   a - +0 falchion
rCold   . . .      Faith    .   (no shield)
rNeg    . . .      Spirit   .   (helmet restricted)
rPois   .          Reflect  .   (no amulet)
rElec   .          Harm     .   (no ring)
rCorr   .          Rampage  .   (no ring)
Will    .....                   (no ring)
Stlth   ++++......              (no ring)
HPRegen 0.08/turn               (no ring)
MPRegen 0.08/turn               (no ring)
                                (no ring)
                                (no ring)

@: no status effects
A: almost no armour, amphibious, 8 rings, camouflage 1, gelatinous body 1,
(nimble swimmer 1), tentacles
a: Renounce Religion


You were on level 5 of the Dungeon.
You worshipped Elyvilon.
Elyvilon was noncommittal.
You visited 1 branch of the dungeon, and saw 2 of its levels.

You collected 45 gold pieces.

Inventory:

Hand Weapons
 a - a +0 falchion (weapon)
Missiles
 h - 4 poisoned darts (quivered)
Wands
 f - a wand of digging (3)
Scrolls
 b - 2 scrolls of fog
 c - a scroll of magic mapping
 d - a scroll of fear
 g - 2 scrolls of identify {unknown}
Potions
 e - a potion of haste


   Skills:
 + Level 3.2 Fighting
 * Level 2.7 Long Blades
 + Level 2.3 Dodging
 + Level 6.9 Stealth
 + Level 0.6 Invocations


You had 2 spell levels left.
You didn't know any spells.
Your spell library was empty.

Dungeon Overview and Level Annotations

Branches:
Dungeon (5/15)
 Temple: D:4-7

Altars:
Elyvilon
Fedhas
Hepliaklqana
Makhleb
Yredelemnul


Innate Abilities, Weirdness & Mutations

You cannot wear most types of armour.
You are amphibious.
You can wear up to eight rings at the same time.
Your skin changes colour to match your surroundings (Stealth+).
Your rubbery body absorbs attacks. (AC +1, EV +1)
((You are camouflaged when in or above water. (Stealth+)))
You have tentacles for arms and can constrict up to eight enemies at once.


Message History

You destroy the hound zombie!
You have reached level 3!
Your experience leads to an increase in your attributes!
Increase (S)trength, (I)ntelligence, or (D)exterity?
You feel agile. x2
You start resting.
HP restored.
Found 8 bolts.
Found a ring mail.
An adder comes into view.
The helpless adder fails to defend itself.
You slash the adder! You grab the adder.
The adder is severely wounded.
You constrict the adder. The adder bites you but does no damage.
The adder completely misses you.
You hit the adder.
You kill the adder!
You see here an adder corpse.
Found 27 stones.
An iguana comes into view.
You see here 27 stones.
The helpless iguana fails to defend itself.
You hit the iguana. You grab the iguana.
You squeeze the iguana, but do no damage.
The iguana is lightly wounded.
You constrict the iguana. The iguana bites you! x2
* * * LOW HITPOINT WARNING * * *
You hit the iguana but do no damage.
The iguana is lightly wounded.
You constrict the iguana, but do no damage.
The iguana bites you.
* * * LOW HITPOINT WARNING * * *
You hit the iguana.
The iguana is lightly wounded.
You constrict the iguana. The iguana barely misses you.
You hit the iguana. You squeeze the iguana!
The iguana is almost dead.
You constrict the iguana, but do no damage.
The iguana bites you.
You die...

##############
#...##.@l....#
#.#.(..#####.#
#...#### ##.##
#.# #.# #.#
#.# ####.#


You could see an iguana.

Vanquished Creatures
  A hound zombie (D:5)
  2 adders (D:5)
  A white imp (D:5)
4 creatures vanquished.

Notes
Turn   | Place    | Note
-------+----------+-------------------------------------------
     0 | D:5      | mopl the Octopode Delver began the quest for the Orb.
     0 | D:5      | Reached XP level 1. HP: 16/16 MP: 1/1
    57 | D:5      | Noticed a scorpion
    58 | D:5      | Noticed a phantom
   168 | D:5      | Reached XP level 2. HP: 9/21 MP: 2/2
   330 | D:4      | Found a blossoming altar of Fedhas.
   330 | D:4      | Found a hazy altar of Hepliaklqana.
   330 | D:4      | Found a white marble altar of Elyvilon.
   330 | D:4      | Found a basalt altar of Yredelemnul.
   334 | D:4      | Found a burning altar of Makhleb.
   345 | D:4      | Became a worshipper of Elyvilon the Healer
   621 | D:5      | Noticed a scorpion
   632 | D:5      | Reached XP level 3. HP: 22/26 MP: 3/3
   771 | D:5      | HP: 1/26 [iguana (6)]
   773 | D:5      | Slain by an iguana

Illustrated notes

Levels and vault maps discovered:
D:4:      layout_loops_ring, nicolae_overflow_hidden_temple
D:5:      layout_loops_ring

Action                   || total
-------------------------++-------
Melee: Falchion          ||    17
       Tentacles         ||     5
       Constrict         ||     5
 Stab: Sleeping          ||     3
Armor: Skin              ||     2
Dodge: Dodged            ||     9
